 Dungeon Crawl Stone Soup version 0.23.1 (webtiles) character file.

Game seed: 0

3749 night the Arsonist (level 9, -13/62 HPs)
             Began as a Purple Draconian Fire Elementalist on Mar 16, 2019.
             Mangled by a two-headed ogre
             ... wielding a +0 giant club
              (24 damage)
             ... on level 8 of the Dungeon.
             The game lasted 00:32:15 (10663 turns).

night the Arsonist (DrFE)                          Turns: 10663, Time: 00:32:16

Health: -13/62     AC:  8    Str: 11 (12) XL:     9   Next: 93%
Magic:  10/20      EV: 12    Int: 17 (18) God:
Gold:   326        SH:  0    Dex: 11      Spells: 8/23 levels left

rFire    . . .     SeeInvis .   w - +2 flail (protect)
rCold    . . .     Gourm    .   (no shield)
rNeg     . . .     Faith    .   (armour unavailable)
rPois    .         Spirit   .   (helmet restricted)
rElec    .         Reflect  .   r - +0 cloak
rCorr    .         Harm     .   (no gloves)
MR       +....                  (no boots)
Stlth    ++........             (no amulet)
HPRegen  0.20/turn              (no ring)
MPRegen  0.17/turn              (no ring)

@: lethally poisoned (-13 -> -14), about to teleport, short of breath
A: breathe power, unfitting armour, cold-blooded, AC +7
a: Breathe Dispelling Energy


You were on level 8 of the Dungeon.
You were hungry.

You visited 1 branch of the dungeon, and saw 8 of its levels.

You collected 326 gold pieces.

Inventory:

Hand Weapons
 a - a +4 falchion of freezing
 d - a cursed +5 mace of freezing
 w - a +2 flail of protection (weapon)
Missiles
 o - 221 arrows
Armour
 r - a +0 cloak (worn)
 B - a +0 shield
Wands
 g - a wand of flame (21)
 j - a wand of random effects (12)
 m - a wand of digging (6)
 v - a wand of disintegration (13)
 y - a wand of iceblast (14)
 z - a wand of paralysis (4)
Scrolls
 c - 8 scrolls of identify
 h - 2 scrolls of immolation {unknown}
 i - 6 scrolls of remove curse
 l - 2 scrolls of amnesia {unknown}
 n - a scroll of random uselessness {unknown}
 p - a scroll of fog {unknown}
 q - 2 scrolls of teleportation
 s - 3 scrolls of enchant armour {unknown}
 u - a scroll of enchant weapon
 x - a scroll of acquirement {unknown}
 A - a scroll of magic mapping {unknown}
Potions
 e - a potion of magic {unknown}
 k - a potion of agility
 t - a potion of curing {unknown}
Comestibles
 b - 11 rations
 f - 4 chunks of flesh


   Skills:
 - Level 1.7 Dodging
 - Level 1.7 Stealth
 + Level 7.6 Spellcasting
 * Level 9.0 Conjurations
 * Level 9.5 Fire Magic


You had 8 spell levels left.
You knew the following spells:

 Your Spells              Type           Power        Failure   Level  Hunger
a - Flame Tongue          Conj/Fire      #####        1%          1    None
b - Throw Flame           Conj/Fire      #####.       1%          2    None
c - Conjure Flame         Conj/Fire      #####...     1%          3    #......
d - Fireball              Conj/Fire      #####.....   7%          5    #####..
e - Sticky Flame          Conj/Fire      #####...     2%          4    ###....

Your spell library contained the following spells:

 Spells                   Type           Power        Failure   Level  Hunger
 Inner Flame              Hex/Fire       ###.....     4%          3    #......


Dungeon Overview and Level Annotations

Branches:
Dungeon (8/15)             Temple (0/1) D:7
   Lair: D:8-11

Altars:
Cheibriados
Dithmenos
Fedhas
Gozag
Hepliaklqana
Makhleb
Okawaru
Qazlal
Ru
Sif Muna
Wu Jian
Yredelemnul

Annotations:
D:3 exclusion: oklob plant
D:4 1 runed translucent door, bmj180's ghost, novice MiMo
D:7 3 runed translucent doors, Xenon25's ghost, novice TrBe


Innate Abilities, Weirdness & Mutations

You can breathe bolts of dispelling energy.
Your rich purple scales are hard. (AC +7)
You cannot fit into any form of body armour.
You are cold-blooded and may be slowed by cold attacks.


Message History

Confirm with . or Enter, or press ? or * to list all spells.
Aiming: Flame Tongue (safe; 1% risk of failure)
Press: ? - help, Shift-Dir - straight line The flame tongue hits the two-headed ogre.
The two-headed ogre is moderately wounded.
The two-headed ogre hits you with a +0 giant club.
The two-headed ogre hits you with a +0 giant spiked club!
You barely miss the two-headed ogre.
The two-headed ogre is moderately wounded.
The two-headed ogre closely misses you.
The two-headed ogre hits you with a +0 giant spiked club!
* * * LOW HITPOINT WARNING * * *
You feel sick.
Okay, then.
Okay, then.
Okay, then.
As you read the scroll of teleportation, it crumbles to dust.
You feel strangely unstable. The two-headed ogre barely misses you.
The two-headed ogre hits you with a +0 giant spiked club!!
You die...

.# #..#####.#.#####.# #
.# #[...#.#....# .# .#
##.#.#.#.#.####.# ####
##..#.#..###.. #..###
###)#.#.###.# .##..##
.####.####.# #####.##.
##...##†#.Y#
##..#.#.###..).)#O#.#.O.
# ##.##.##.(....@.#.#
#.# #.#..##.#....|#.#.#
# #.#####.##...##.#..
##..##.####.####.#.
###..###..#..###.# ##
#####..###..###. .#
#.#.....#.#### .#
#...##.##|..# ### .# #
#.#...#÷#.###...#


You could see a two-headed ogre.

Vanquished Creatures
  2 hippogriffs
  A hungry ghost (D:7)
  Menkaure (D:7)
  3 sky beasts
  An orc warrior (D:7)
  A black bear (D:7)
  3 ice beasts
  2 phantoms
  3 centaurs
  3 bullfrogs
  A killer bee (D:8)
  8 wights
  4 howler monkeys
  3 crimson imps
  5 hounds
  2 centaur skeletons
  4 orc priests
  A gnoll shaman (D:6)
  A jelly (D:6)
  6 orc wizards
  A bullfrog skeleton (D:8)
  Terence (D:2)
  4 iguanas
  7 worker ants
  A hound zombie (D:8)
  8 gnolls
  9 adders
  2 shadow imps
  An ooze (D:2)
  2 adder skeletons
  2 worms
  4 leopard geckos
  26 orcs
  3 bats (D:1)
  3 giant cockroaches
  8 goblins
  9 hobgoblins
  14 jackals
  3 quokkas
  A ball python (D:3)
  4 frilled lizards
  8 kobolds
  A quokka skeleton (D:8)
  5 rats
182 creatures vanquished.

Notes
Turn   | Place    | Note
-------+----------+-------------------------------------------
     0 | D:1      | night the Draconian Fire Elementalist began the quest for
                  | the Orb.
     0 | D:1      | Reached XP level 1. HP: 14/14 MP: 3/3
   268 | D:1      | Reached XP level 2. HP: 20/20 MP: 3/5
   272 | D:1      | Learned a level 2 spell: Throw Flame
  1095 | D:2      | Reached XP level 3. HP: 22/26 MP: 3/6
  1100 | D:2      | Learned a level 3 spell: Conjure Flame
  1241 | D:2      | Noticed Terence
  1561 | D:2      | Found a deep blue altar of Sif Muna.
  1641 | D:2      | Found a basalt altar of Yredelemnul.
  1797 | D:3      | Reached XP level 4. HP: 33/33 MP: 2/8
  2761 | D:2      | Reached XP level 5. HP: 28/38 MP: 1/9
  2892 | D:2      | Killed Terence
  3269 | D:3      | Found a blossoming altar of Fedhas.
  3288 | D:3      | Noticed an oklob plant
  3627 | D:3      | Found an ornate altar of the Wu Jian Council.
  3795 | D:4      | Reached XP level 6. HP: 45/45 MP: 5/11
  3892 | D:4      | Learned a level 5 spell: Fireball
  4358 | D:4      | Reached skill level 5 in Fire Magic
  4476 | D:4      | Found a runed translucent door.
  4485 | D:4      | Noticed bmj180's ghost (novice MiMo)
  4704 | D:4      | Found a stormy altar of Qazlal.
  5013 | D:5      | Entered Level 5 of the Dungeon
  5044 | D:5      | Found an opulent altar of Gozag.
  5119 | D:5      | Found a burning altar of Makhleb.
  5160 | D:5      | Your scales start taking on a rich purple colour.
  5160 | D:5      | Reached XP level 7. HP: 45/50 MP: 3/14
  5446 | D:5      | Reached skill level 5 in Spellcasting
  5446 | D:5      | Reached skill level 5 in Conjurations
  5737 | D:5      | Noticed a hippogriff
  5745 | D:5      | Killed a hippogriff
  6264 | D:6      | Found a sacrificial altar of Ru.
  6376 | D:6      | Reached XP level 8. HP: 57/57 MP: 13/16
  6784 | D:6      | Learned a level 4 spell: Sticky Flame
  7105 | D:6      | Noticed a hippogriff
  7115 | D:6      | Killed a hippogriff
  8190 | D:7      | Reached XP level 9. HP: 55/62 MP: 13/18
  8510 | D:7      | Found a shadowy altar of Dithmenos.
  8527 | D:7      | Noticed Xenon25's ghost (novice TrBe)
  8603 | D:7      | Noticed Menkaure
  8606 | D:7      | Killed Menkaure
  8646 | D:7      | Found a runed translucent gate.
  8646 | D:7      | Found a runed translucent gate.
  8646 | D:7      | Found a runed translucent gate.
  8789 | D:7      | Found a hazy altar of Hepliaklqana.
  8905 | D:7      | Found a staircase to the Ecumenical Temple.
  9100 | D:8      | Found an iron altar of Okawaru.
  9134 | D:8      | Found a snail-covered altar of Cheibriados.
 10647 | D:8      | Noticed a two-headed ogre
 10663 | D:8      | Mangled by a two-headed ogre

Skill      XL: |  1  2  3  4  5  6  7  8  9 |
---------------+----------------------------+-----
Conjurations   | 2 3 4 5 7 9 |  9.0
Spellcasting   | 3 4 5 6 7 |  7.6
Fire Magic     | 4 5 6 8 9 |  9.5
Dodging        | |  1.7
Stealth        | |  1.7

Action                   |  1- 3 |  4- 6 |  7- 9 || total
-------------------------+-------+-------+-------++-------
Melee: Unarmed           |    15 |    10 |       ||    25
       Glaive            |       |    18 |       ||    18
       Rapier            |       |    17 |       ||    17
       Tailslap          |       |     9 |    18 ||    27
       Mace              |       |    41 |    20 ||    61
       Flail             |       |       |   156 ||   156
       Falchion          |       |       |    13 ||    13
 Cast: Flame Tongue      |    44 |   102 |   191 ||   337
       Throw Flame       |    12 |    17 |    38 ||    67
       Conjure Flame     |       |       |     3 ||     3
       Fireball          |       |       |     4 ||     4
 Abil: Breathe Dispellin |       |       |     4 ||     4
  Use: Scroll            |     4 |       |     1 ||     5
       Potion            |     1 |     2 |     6 ||     9
  Eat: Chunk             |     2 |    13 |    19 ||    34
       Ration            |       |       |     1 ||     1
Armor: Skin              |    15 |    57 |   140 ||   212
Dodge: Dodged            |    30 |   105 |   224 ||   359
       Rpst.: Falchion   |       |       |     5 ||     5
